 Dungeon Crawl Stone Soup version 0.23.2-30-g0e89c35649 (webtiles) character file.

Game seed: 15170672580012182638

77 troglodite the Conjurer (level 4, 0/27 HPs)
             Began as an Octopode Conjurer on June 13, 2019.
             Succumbed to an adder's poison
             ... on level 2 of the Dungeon.
             The game lasted 00:08:11 (2851 turns).

troglodite the Conjurer (Octopode Conjurer)         Turns: 2851, Time: 00:08:12

Health: 0/27       AC:  1    Str:  7    XL:     4   Next: 34%
Magic:  8/8        EV: 13    Int: 18    God:
Gold:   110        SH:  0    Dex: 12    Spells: 5/8 levels left

rFire    . . .     SeeInvis .   q - +0 short sword
rCold    . . .     Gourm    .   (no shield)
rNeg     . . .     Faith    .   (helmet restricted)
rPois    .         Spirit   .   (no amulet)
rElec    .         Reflect  .   (no ring)
rCorr    .         Harm     .   (no ring)
MR       .....                  (no ring)
Stlth    +++.......             (no ring)
HPRegen  0.09/turn              (no ring)
MPRegen  0.11/turn              (no ring)
                                (no ring)
                                (no ring)

@: lethally poisoned (0 -> -15)
A: almost no armour, stealthy swim, amphibious, 8 rings, constrict 8, camouflage
1, gelatinous body 1
a: no special abilities


You were on level 2 of the Dungeon.
You were near starving.

You visited 1 branch of the dungeon, and saw 2 of its levels.

You collected 110 gold pieces.

Inventory:

Hand Weapons
 f - a +0 hunting sling
 q - a +0 short sword (weapon)
Missiles
 e - 26 stones (quivered)
Scrolls
 a - a scroll of amnesia
 c - a scroll of magic mapping {unknown}
 j - 3 scrolls of blinking
 o - a scroll of identify {unknown}
 p - a scroll of teleportation {unknown}
Potions
 d - a potion of magic {unknown}
 g - a potion of berserk rage {unknown}
 h - a potion of invisibility {unknown}
 i - 2 potions of curing {unknown}
 l - a potion of heal wounds {unknown}
 n - a potion of lignification {unknown}
Comestibles
 b - 3 rations
 k - 2 chunks of flesh


   Skills:
 * Level 2.3 Dodging
 * Level 3.2 Stealth
 * Level 2.6 Spellcasting
 * Level 5.0 Conjurations


You had 5 spell levels left.
You knew the following spells:

 Your Spells              Type           Power        Failure   Level  Hunger
a - Magic Dart            Conj           ###.         2%          1    #......
b - Searing Ray           Conj           ###...       3%          2    ##.....

Your spell library contained the following spells:

 Spells                   Type           Power        Failure   Level  Hunger
 Dazzling Spray           Conj/Hex       ##....       19%         3    ###....
 Iskenderun's Mystic Bla  Conj           ###.....     22%         4    #####..
 Force Lance              Conj/Tloc      ##......     52%         4    #####..
 Fulminant Prism          Conj/Hex       ##........   52%         4    #####..


Dungeon Overview and Level Annotations

Branches:
Dungeon (2/15)

Altars:
Uskayaw

Annotations:
D:2 Natasha


Innate Abilities, Weirdness & Mutations

You cannot wear most types of armour.
You are very stealthy in the water. (Stealth+)
You are amphibious.
You can wear up to eight rings at the same time.
You can use your tentacles to constrict eight enemies at once.
Your skin changes colour to match your surroundings (Stealth+).
Your rubbery body absorbs attacks. (AC +1, EV +1)


Message History

You are lethally poisoned!
The adder poisons you!
You closely miss the adder. Your grab misses the adder.
You feel sick. The bat misses you. The adder bites you but does no damage.
You miss the adder. Your grab misses the adder.
You feel sick. The bat closely misses you. The adder completely misses you.
The adder barely misses you.
You hit the adder. Your grab misses the adder.
The adder is heavily wounded.
You feel sick. The bat closely misses you. The adder barely misses you.
You feel sick. The bat hits you. The adder misses you. The adder bites you.
* * * LOW HITPOINT WARNING * * *
You are more poisoned.
The adder poisons you!
* * * LOW HITPOINT WARNING * * *
You feel sick. The bat closely misses you.
* * * LOW HITPOINT WARNING * * *
You feel sick. The bat hits you but does no damage.
You die...

........%# # ###.#######..
.........####+#####.#######.#
.........##..................
.........##........########.#
..?...!..##.............. #<.
......>..##[........##### #.#
.........##.........# #.#
.........####'#####.... #.#
##.......Sb.@รท.# #### #.#
############..# #.# #..# #.#
...# #.. ##.# .# .# .#


You could see an adder and a bat.

Vanquished Creatures
  2 adders (D:2)
  2 oozes
  A worm (D:2)
  A dart slug (D:1)
  2 leopard geckos
  A ball python (D:2)
  A giant cockroach (D:1)
  6 goblins
  2 hobgoblins (D:1)
  6 jackals
  3 kobolds
  2 quokkas (D:2)
  10 bats
  2 frilled lizards (D:1)
  2 rats (D:1)
43 creatures vanquished.

Notes
Turn   | Place    | Note
-------+----------+-------------------------------------------
     0 | D:1      | troglodite the Octopode Conjurer began the quest for the
                  | Orb.
     0 | D:1      | Reached XP level 1. HP: 11/11 MP: 3/3
   207 | D:1      | Reached XP level 2. HP: 6/17 MP: 0/5
   983 | D:1      | Reached XP level 3. HP: 21/21 MP: 4/6
   987 | D:1      | Learned a level 2 spell: Searing Ray
  1475 | D:2      | Noticed Natasha
  1685 | D:2      | Found a hide-covered altar of Uskayaw.
  1775 | D:1      | HP: 1/21 [jackal (3)]
  2443 | D:2      | Reached XP level 4. HP: 27/27 MP: 2/7
  2754 | D:2      | Reached skill level 5 in Conjurations
  2850 | D:2      | HP: 1/27 [poisoned by an adder]
  2851 | D:2      | Succumbed to an adder's poison

Skill      XL: |  1  2  3  4 |
---------------+-------------+-----
Stealth        | 3 |  3.2
Conjurations   | 5 |  5.0
Dodging        | |  2.3
Spellcasting   | |  2.6

Action                   |  1- 3 |  4- 6 || total
-------------------------+-------+-------++-------
Melee: Unarmed           |    14 |     2 ||    16
       Constrict         |     5 |     2 ||     7
       Tentacles         |     5 |     2 ||     7
       Short sword       |     6 |     9 ||    15
       Spear             |       |     1 ||     1
 Cast: Magic Dart        |    59 |    10 ||    69
       Searing Ray       |     4 |       ||     4
  Use: Scroll            |     3 |     1 ||     4
 Stab: Sleeping          |     1 |       ||     1
  Eat: Chunk             |     4 |     1 ||     5
Armor: Skin              |     6 |     3 ||     9
Dodge: Dodged            |    34 |    15 ||    49
